 Dungeon Crawl Stone Soup version 0.19.1-1-g22dce08 (webtiles) character file.

119 nikopol the Skirmisher (level 5, 0/33 HPs)
             Began as a Gargoyle Berserker on Jan 15, 2017.
             Was a Believer of Trog.
             Slain by a white imp (3 damage)
             ... summoned by Natasha
             ... on level 3 of the Dungeon.
             The game lasted 00:03:33 (1728 turns).

nikopol the Skirmisher (Gargoyle Berserker)         Turns: 1728, Time: 00:03:33

Health: 0/33       AC: 13    Str: 20    XL:     5   Next: 3%
Magic:  5/5        EV:  8    Int:  8    God:    Trog [**....]
Gold:   65         SH:  0    Dex: 10    Spells: 0 memorised, 4 levels left

rFire  . . .     SeeInvis .     a - +0 hand axe
rCold  . . .     Gourm    .     k - +0 chain mail
rNeg   + . .     Faith    .     (no shield)
rPois  ∞         Spirit   .     (no helmet)
rElec  +         Reflect  .     (no cloak)
rCorr  .         Harm     .     (no gloves)
MR     .....                    (no boots)
Stlth  ..........               (no amulet)
                                (no ring)
                                (no ring)

@: slowed, very slow
A: negative energy resistance 1, electricity resistance, unbreathing,
petrification resistance, rot immunity, AC +4
a: Berserk, Trog's Hand, Burn Spellbooks, Renounce Religion


You were on level 3 of the Dungeon.
You worshipped Trog.
Trog was pleased with you.
You were not hungry.

You visited 1 branch of the dungeon, and saw 3 of its levels.

You collected 65 gold pieces.

Inventory:

Hand Weapons
 a - a +0 hand axe (weapon)
Armour
 b - a +0 animal skin
 i - a +0 ring mail
 k - a +0 chain mail (worn)
Scrolls
 h - 2 scrolls of identify {unknown}
 j - a scroll of remove curse {unknown}
 m - a scroll of fog {unknown}
 p - a scroll of enchant armour {unknown}
Potions
 e - 2 potions of lignification {unknown}
 g - 3 potions of haste
 n - a potion of berserk rage {unknown}
 o - a potion of flight {unknown}
 q - a potion of agility {unknown}
Comestibles
 c - a bread ration
 d - a beef jerky
 f - 8 chunks of flesh
 l - a royal jelly


   Skills:
 + Level 3.9 Fighting
 * Level 3.9 Axes
 + Level 2.7 Armour
 + Level 2.4 Dodging


You had 4 spell levels left.
You didn't know any spells.

Dungeon Overview and Level Annotations

Branches:
Dungeon (3/15)

Altars:
Dithmenos
Gozag
Ru
Trog
Xom
Yredelemnul

Annotations:
D:3 Natasha


Innate Abilities, Weirdness & Mutations

You are resistant to torment.
Your stone body is resilient. (AC +4)
You are immune to poison.
You resist negative energy. (rN+)
You are resistant to electric shocks. (rElec)
You can survive without breathing.
You are immune to petrification.
You are immune to rotting.


Message History

Your chain mail prevents you from hitting the white imp.
The white imp barely misses you. Natasha claws you but does no damage.
You hit Natasha but do no damage.
Natasha is almost dead.
You hit the white imp but do no damage.
The white imp hits you but does no damage.
Natasha casts a spell at you.
You feel yourself slow down.
You hit Natasha.
Natasha is almost dead.
You hit the white imp. The white imp gestures at you.
The puff of frost hits you!
* * * LOW HITPOINT WARNING * * *
Natasha claws you.
* * * LOW HITPOINT WARNING * * *
The white imp hits you.
* * * LOW HITPOINT WARNING * * *
The white imp freezes you.
You die...

### ..# #.#
#.#######
#.....$..
#........ .
#h)......
..###+#@########
.......5.......#
...#...........#
#...........#
#...........#
#...........#
#...........#
+........)..#
######...........#


You could see Natasha and a white imp.

Vanquished Creatures
  Natasha (twice) (D:2)
  2 adders (D:2)
  2 worms (D:2)
  A dart slug (D:3)
  A leopard gecko (D:2)
  7 bats
  3 giant cockroaches
  2 goblins
  7 hobgoblins
  2 quokkas
  A ball python (D:2)
  5 frilled lizards
  3 kobolds
  3 rats
  A spectral orc (D:2)
42 creatures vanquished.

Notes
Turn   | Place    | Note
-------+----------+-------------------------------------------
     0 | D:1      | nikopol the Gargoyle Berserker began the quest for the Orb.
     0 | D:1      | Reached XP level 1. HP: 14/14 MP: 1/1
   263 | D:1      | Reached XP level 2. HP: 18/19 MP: 2/2
   394 | D:2      | Noticed Natasha
   402 | D:2      | Killed Natasha
   402 | D:2      | Reached XP level 3. HP: 14/23 MP: 3/3
   641 | D:2      | Found a bloodstained altar of Trog.
   869 | D:2      | Reached ** piety under Trog
  1024 | D:2      | Found a shimmering altar of Xom.
  1024 | D:2      | Found a sacrificial altar of Ru.
  1025 | D:2      | Found a shadowy altar of Dithmenos.
  1026 | D:2      | Found an opulent altar of Gozag.
  1129 | D:2      | Reached XP level 4. HP: 10/28 MP: 4/4
  1458 | D:2      | Found a basalt altar of Yredelemnul.
  1505 | D:2      | Noticed Natasha
  1514 | D:2      | Killed Natasha
  1692 | D:3      | Reached XP level 5. HP: 29/33 MP: 5/5
  1717 | D:3      | Noticed Natasha
  1728 | D:3      | Slain by a white imp

Skill      XL: |  1  2 |
---------------+-------+-----
Axes           | 3 |  3.9
Dodging        | 2 |  2.4
Fighting       | |  3.9
Armour         | |  2.7

Action                   |  1- 3 |  4- 6 || total
-------------------------+-------+-------++-------
Melee: Hand axe          |    79 |    68 ||   147
Invok: Berserk           |     1 |       ||     1
  Eat: Chunk             |     2 |     2 ||     4
Armor: Animal skin       |     3 |       ||     3
       Ring mail         |    34 |       ||    34
       Chain mail        |       |    77 ||    77
Dodge: Dodged            |    45 |    33 ||    78
